 Dungeon Crawl Stone Soup version 0.23.0-3-gf3c87f2 (webtiles) character file.

Game seed: 8705984237479056561

5320 Kurtz the Cleaver (level 10, -6/70 HPs)
             Began as a Mummy Chaos Knight on Feb 23, 2019.
             Was a Plaything of Xom.
             Mangled by a wyvern (9 damage)
             ... on level 9 of the Dungeon.
             The game lasted 00:11:50 (7142 turns).

Kurtz the Cleaver (Mummy Chaos Knight)              Turns: 7142, Time: 00:11:51

Health: -6/70      AC: 25    Str: 18    XL:     10   Next: 38%
Magic:  10/10      EV: 22    Int: 15    God:    Xom [.*....]
Gold:   31         SH:  0    Dex: 13    Spells: 9/9 levels left

rFire    . . .     SeeInvis .   u - +4 war axe (chop)
rCold    + . .     Gourm    .   (no shield)
rNeg     + + +     Faith    .   c - +9 plate armour of Ahirost {MR+}
rPois    ∞         Spirit   .   b - +0 helmet
rElec    .         Reflect  .   (no cloak)
rCorr    .         Harm     .   v - +0 pair of gloves of Lethargy {rF+ MR++ Int+4} (curse)
MR       ++++.                  (no boots)
Stlth    ..........             d - amulet of the acrobat
HPRegen  0.21/turn              h - +4 ring of protection
MPRegen  0.12/turn              (no ring)

@: acrobat, very slightly contaminated
A: no food or potions, fire vulnerability, cold resistance 1, negative energy
resistance 3, torment resistance, unbreathing
a: Renounce Religion


You were on level 9 of the Dungeon.
You worshipped Xom.
You were a plaything of Xom.
You were not hungry.

You visited 1 branch of the dungeon, and saw 9 of its levels.
You also visited: Bailey.

You collected 493 gold pieces.
You spent 462 gold pieces at shops.

Inventory:

Hand Weapons
 a - a +0 hand axe of chaos
 g - a +1 flail of draining
 l - a +2 dire flail of crushing
 p - the +5 rapier "Juvyem" {chaos, Str+6, unknown}
   (Xom gifted it to you in a bailey)

   Each time it hits an enemy it has a different, random effect.
   It affects your strength (+6).
 r - a +3 hand axe
 u - a +4 war axe of chopping (weapon)
Missiles
 e - 133 stones (quivered)
 q - 2 throwing nets
Armour
 b - a +0 helmet (worn)
 c - the +9 plate armour of Ahirost (worn) {MR+}
   (You took it off an orc in a bailey)

   It affects your resistance to hostile enchantments.
 v - the cursed +0 pair of gloves of Lethargy (worn) {rF+ MR++ Int+4}
   (You found it in a bailey)

   It affects your intelligence (+4).
   It protects you from fire.
   It affects your resistance to hostile enchantments.
   It has a curse placed upon it.
Jewellery
 d - an amulet of the acrobat (around neck)
 h - a +4 ring of protection (left hand)
Wands
 f - a wand of acid (8)
 j - a wand of polymorph (8)
 m - a wand of paralysis (1)
 t - a wand of iceblast (1)
Scrolls
 k - a scroll of magic mapping
 n - a scroll of amnesia
 s - a scroll of enchant armour
 w - a scroll of enchant weapon {unknown}
 x - a scroll of fear {unknown}


   Skills:
 - Level 3.0 Fighting
 * Level 11.8 Axes
 - Level 1.5 Armour
 * Level 5.5 Dodging


You had 9 spell levels left.
You didn't know any spells.
Your spell library contained the following spells:

 Spells                   Type           Power        Failure   Level  Hunger
 Flame Tongue             Conj/Fire      #....        100%        1    N/A
 Throw Flame              Conj/Fire      #.....       100%        2    N/A
 Conjure Flame            Conj/Fire      #.......     100%        3    N/A
 Inner Flame              Hex/Fire       #.......     100%        3    N/A
 Sticky Flame             Conj/Fire      #.......     100%        4    N/A
 Fireball                 Conj/Fire      #.........   100%        5    N/A

Dungeon Overview and Level Annotations

Branches:
Dungeon (9/15)             Temple (0/1) D:5
   Lair: D:8-11         Orc: D:9-12

Altars:
Ashenzari
Xom

Shops:
D:9 (

Annotations:
D:3 1 runed translucent door
D:4 3 runed translucent doors, miconnor's ghost, amateur OpAs


Innate Abilities, Weirdness & Mutations

You do not eat or drink.
Your flesh is vulnerable to fire.
You are immune to poison.
Your flesh is cold resistant. (rC+)
You are immune to negative energy. (rN+++)
You are immune to unholy pain and torment.
You can survive without breathing.


Message History

Unknown command.
Your surroundings suddenly seem different.
A yak comes into view.
The yak bellows!
A yak comes into view.
The yak bellows!
A yak comes into view.
The yak bellows!
A yak comes into view.
The yak bellows!
A yak comes into view.
The yak bellows!
A wyvern comes into view.
The wyvern hisses angrily.
The wyvern closely misses you.
Found a scroll of remove curse.
Found a stone staircase leading down.
Okay, then.
The wyvern bites you!
You die...
Xom giggles madly! h

##########
#...>....#
#.....Y..#
#....Y...#
#...Y.YY.#
#........#
#..@l....#
#...........#
#............##
#.#######.....#
# .###.. .# #
.# # # #####


You could see 5 yaks and a wyvern.

Vanquished Creatures
  3 orc knights (Bailey)
  Grinder (D:5)
  A hippogriff (D:7)
  Eustachio (D:4)
  A fire bat (Bailey)
  A porcupine (Bailey)
  2 black bears
  3 orc warriors
  3 sky beasts
  A phantom (D:9)
  4 ice beasts
  3 ogres (D:5)
  4 centaurs
  2 bullfrogs
  4 scorpions
  A howler monkey (D:7)
  6 crimson imps
  3 jellies
  2 orc priests
  A centaur skeleton (D:8)
  3 hounds
  2 orc wizards
  A bullfrog skeleton (D:5)
  Ijyb (D:5)
  4 iguanas
  9 worker ants
  A howler monkey zombie (D:9)
  2 howler monkey skeletons
  4 adders
  A gnoll (D:3)
  A shadow imp (D:6)
  2 oozes (D:6)
  2 adder skeletons
  2 worms
  2 dart slugs
  2 leopard geckos
  28 orcs
  2 ball pythons
  3 giant cockroaches
  8 goblins
  2 hobgoblins
  6 jackals
  2 quokkas
  3 frilled lizards
  A giant cockroach zombie (D:6)
  5 kobolds
  A leopard gecko skeleton (D:7)
  2 leopard gecko zombies (D:5)
  A quokka zombie (D:6)
150 creatures vanquished.

Vanquished Creatures (collateral kills)
  The ghost of taoistronin the Poker, an amateur MiBe of Trog (D:3)
  2 gnolls (D:3)
  An adder (D:5)
  5 orcs
9 creatures vanquished.

Grand Total: 159 creatures vanquished

Notes
Turn   | Place    | Note
-------+----------+-------------------------------------------
     0 | D:1      | Kurtz the Mummy Chaos Knight began the quest for the Orb.
     0 | D:1      | Reached XP level 1. HP: 18/18 MP: 1/1
    68 | D:2      | Reached skill level 3 in Axes
    68 | D:2      | Reached XP level 2. HP: 24/24 MP: 2/2
   175 | D:2      | XOM: cloud trail
   269 | D:3      | Reached XP level 3. HP: 20/29 MP: 3/3
   370 | D:3      | Noticed taoistronin's ghost (amateur MiBe)
   373 | D:3      | Found a runed translucent door.
   459 | D:3      | Reached skill level 4 in Axes
   465 | D:3      | XOM: cast spell 'Call Canine Familiar'
   482 | D:3      | Reached XP level 4. HP: 10/35 MP: 4/4
   650 | D:3      | XOM: scenery: 2 fountains blood, 1 doors open
   670 | D:3      | XOM: cast spell 'Leda's Liquefaction'
   671 | D:3      | XOM: summons friendly iron imp
   682 | D:3      | Killed taoistronin's ghost
   682 | D:3      | Reached XP level 5. HP: 13/41 MP: 5/5
   790 | D:3      | XOM: polymorph iron imp -> crimson imp
   922 | D:3      | XOM: mild Tmut miscast
   976 | D:3      | Found a shattered altar of Ashenzari.
  1006 | D:3      | XOM: 7-stop teleportation journey
  1008 | D:3      | XOM: god gift: 12 stones
  1189 | D:3      | XOM: confuse monster(s)
  1519 | D:3      | XOM: god gift: 26 gold pieces
  1588 | D:4      | XOM: 7-stop teleportation journey
  1604 | D:4      | Reached skill level 5 in Axes
  1636 | D:4      | Found a runed translucent gate.
  1636 | D:4      | Found a runed translucent gate.
  1636 | D:4      | Found a runed translucent gate.
  1638 | D:4      | Noticed miconnor's ghost (amateur OpAs)
  1661 | D:4      | Noticed Eustachio
  1681 | D:4      | Killed Eustachio
  1681 | D:4      | Reached XP level 6. HP: 40/47 MP: 6/6
  1792 | D:4      | XOM: scenery: 1 doors open
  1841 | D:4      | Reached skill level 6 in Axes
  1850 | D:4      | XOM: medium Pois miscast
  1861 | D:4      | XOM: scenery: create altars
  2136 | D:4      | Noticed Sigmund
  2495 | D:4      | Noticed Sigmund
  2495 | D:4      | Sigmund changed into Sigmund the centaur
  2508 | D:4      | Killed Sigmund the centaur
  2508 | D:4      | Reached XP level 7. HP: 43/52 MP: 7/7
  2704 | D:5      | Entered Level 5 of the Dungeon
  2729 | D:5      | Reached skill level 7 in Axes
  2741 | D:5      | Noticed Edmund
  2746 | D:5      | XOM: cleaving
  2757 | D:5      | Noticed Edmund
  2757 | D:5      | Edmund changed into Edmund the goblin
  2757 | D:5      | XOM: polymorph Edmund -> Edmund the goblin
  2758 | D:5      | Killed Edmund the goblin
  2775 | D:5      | Noticed Ijyb
  2780 | D:5      | Paralysed by Ijyb for 5 turns
  2799 | D:5      | Killed Ijyb
  2804 | D:5      | XOM is BORED!
  2804 | D:5      | XOM: medium Necr miscast
  2861 | D:5      | Found a staircase to the Ecumenical Temple.
  2920 | D:5      | Reached skill level 8 in Axes
  2979 | D:5      | Reached XP level 8. HP: 52/58 MP: 8/8
  3004 | D:5      | XOM: harmless Pois miscast
  3040 | D:5      | XOM: summons friendly iron imp
  3115 | D:5      | XOM: butterfly on damage
  3220 | D:5      | Reached skill level 9 in Axes
  3320 | D:5      | Noticed Grinder
  3335 | D:5      | Killed Grinder
  3502 | D:6      | Reached skill level 1 in Dodging
  3649 | D:6      | XOM: cleaving
  3660 | D:6      | Reached skill level 10 in Axes
  3706 | D:6      | XOM: smoke on damage
  3824 | D:6      | Reached XP level 9. HP: 63/63 MP: 9/9
  3840 | D:6      | XOM: stat loss: -1 Dex (12/13)
  3851 | D:6      | XOM: harmless Chrm miscast
  4483 | D:7      | XOM: smoke on damage
  4485 | D:7      | Found a flagged portal.
  4568 | Bailey   | Entered a bailey
  4662 | Bailey   | Noticed an orc knight
  4662 | Bailey   | Noticed an orc knight
  4663 | Bailey   | XOM: fog
  4900 | Bailey   | XOM: divination: magic mapping
  4920 | Bailey   | XOM: medium Summ miscast
  5066 | Bailey   | Noticed an orc knight
  5066 | Bailey   | XOM: noise
  5068 | Bailey   | Identified the +9 plate armour of Ahirost {MR+}
  5114 | Bailey   | XOM: mild Tloc miscast
  5122 | Bailey   | XOM: god gift: iridescent rapier {god gift}
  5125 | Bailey   | Got an iridescent rapier {god gift}
  5132 | Bailey   | XOM: harmless Fire miscast
  5440 | Bailey   | XOM: summons friendly white imp
  5665 | Bailey   | XOM: cast spell 'Alistair's Intoxication'
  5665 | Bailey   | Killed an orc knight
  5665 | Bailey   | Reached skill level 11 in Axes
  5665 | Bailey   | Killed an orc knight
  5666 | Bailey   | Killed an orc knight
  5666 | Bailey   | Reached XP level 10. HP: 70/70 MP: 10/10
  5710 | Bailey   | XOM: polymorph orc warrior -> fire bat
  5711 | Bailey   | Got a pair of steaming gloves
  5731 | Bailey   | Identified the cursed +0 pair of gloves of Lethargy {rF+
                  | MR++ Int+4} (You found it in a bailey)
  6077 | D:7      | Reached skill level 5 in Dodging
  6112 | D:7      | XOM: severe Conj miscast
  6136 | D:7      | XOM: medium Summ miscast
  6569 | D:7      | XOM: mild Conj miscast
  6823 | D:7      | XOM: harmless Air miscast
  7022 | D:9      | Found Exynozosch's Weapon Shop.
  7028 | D:9      | Bought a +4 war axe of chopping for 462 gold pieces
  7039 | D:9      | XOM: potion effect (might)
  7132 | D:9      | XOM: enchant monster (bad)
  7133 | D:9      | XOM: divination: detect creatures
  7134 | D:9      | XOM: summons 2 hostile shadow creatures
  7136 | D:9      | HP: 2/70 [orc warrior/+0 short sword (9)]
  7142 | D:9      | Mangled by a wyvern

Skill      XL: |  1  2  3  4  5  6  7  8  9 10 |
---------------+-------------------------------+-----
Axes           | 3 4 5 6 8 10 11 | 11.8
Dodging        | 1 4 5 |  5.5
Fighting       | |  3.0
Armour         | |  1.5

Action                   |  1- 3 |  4- 6 |  7- 9 | 10-12 || total
-------------------------+-------+-------+-------+-------++-------
Melee: Hand axe          |    72 |    29 |    24 |       ||   125
       Flail             |       |    65 |    30 |       ||    95
       Dire flail        |       |       |   232 |   105 ||   337
       War axe           |       |       |       |    34 ||    34
Throw: Stone             |       |       |    35 |       ||    35
Evoke: Wand              |       |     1 |    20 |       ||    21
  Use: Scroll            |       |       |     1 |     7 ||     8
 Stab: Sleeping          |       |     1 |     1 |       ||     2
       Confused          |       |     1 |       |       ||     1
       Paralysed         |       |       |     4 |       ||     4
Armor: Leather armour    |    36 |    59 |   106 |       ||   201
       Plate armour      |       |       |       |    68 ||    68
Dodge: Dodged            |    45 |    83 |   244 |    71 ||   443
